 Dungeon Crawl Stone Soup version 0.27-a0-203-gd48b2df3c9 (webtiles) character file.

Game seed: 13223832889635145524

191 gimp the Conjurer (level 5, 0/41 HPs)
             Began as a Demonspawn Hedge Wizard on Jan 30, 2021.
             Slain by a gnoll
             ... wielding a +0 whip
              (9 damage)
             ... on level 3 of the Dungeon.
             The game lasted 00:08:00 (4855 turns).

gimp the Conjurer (Demonspawn Hedge Wizard)         Turns: 4855, Time: 00:08:00

Health: 0/41       AC:  2    Str: 11    XL:     5   Next: 42%
Magic:  0/9        EV: 12    Int: 16    God:
Gold:   167        SH:  0    Dex: 12    Spells: 4/10 levels left

rFire    . . .     SeeInvis .   a - +2 dagger (speed)
rCold    . . .     Faith    .   (no shield)
rNeg     . . .     Spirit   .   b - +0 robe
rPois    .         Reflect  .   c - +0 hat
rElec    .         Harm     .   (no cloak)
rCorr    .         Rampage  .   (no gloves)
Will     .....                  (no boots)
Stlth    ++........             (no amulet)
HPRegen  0.13/turn              (no ring)
MPRegen  0.11/turn              (no ring)

@: mighty, attractive
A: hooves 1, powered by pain 2
a: no special abilities


You were on level 3 of the Dungeon.
You visited 1 branch of the dungeon, and saw 3 of its levels.

You collected 167 gold pieces.

Inventory:

Hand Weapons
 a - a +2 dagger of speed (weapon)
Missiles
 g - 30 poisoned darts (quivered)
Armour
 b - a +0 robe (worn)
 c - a +0 hat (worn)
 i - a scarf of harm
Wands
 o - a wand of mindburst (22)
Scrolls
 e - 4 scrolls of amnesia
 k - a scroll of teleportation {unknown}
 l - 5 scrolls of identify {unknown}
 m - a scroll of blinking {unknown}
Potions
 d - a potion of might
 f - a potion of haste {unknown}
 h - a potion of curing
 j - a potion of berserk rage {unknown}
 n - a potion of attraction


   Skills:
 - Level 3.0 Fighting
 - Level 1.7 Dodging
 - Level 1.7 Stealth
 * Level 3.2 Spellcasting
 - Level 4.0 Conjurations
 - Level 1.0 Summonings
 - Level 0.8 Translocations
 + Level 0.2 Air Magic
 + Level 0.3 Poison Magic


You had 4 spell levels left.
You knew the following spells:

 Your Spells              Type           Power        Failure   Level
a - Magic Dart            Conj           60%          3%          1
b - Blink                 Tloc           N/A          21%         2
c - Mephitic Cloud        Conj/Pois/Air  7%           28%         3

Your spell library contained the following spells:

 Spells                   Type           Power        Failure   Level
 Call Imp                 Summ           5%           19%         2
 Conjure Flame            Conj/Fire      8%           24%         3
 Slow                     Hex            2%           28%         2
 Animate Dead             Necr           1%           88%         4
 Borgnjor's Vile Clutch   Necr/Erth      1%           99%         5
 Death Channel            Necr           1%           100%        6
 Simulacrum               Ice/Necr       1%           100%        6


Dungeon Overview and Level Annotations

Branches:
Dungeon (3/15)

Altars:
Ashenzari


Innate Abilities, Weirdness & Mutations

You have large cloven feet.
You sometimes gain power by taking damage.


Message History

Press: ? - help, Shift-Dir - straight line, f/p - gnoll
Aim: a gnoll, wielding a +0 whip and wearing a +0 leather armour (almost dead, 0% to evade)
The magic dart hits the gnoll.
The gnoll is almost dead.
The adder hisses angrily.
The gnoll hits you with a +0 whip.
* * * LOW HITPOINT WARNING * * *
You take 3 damage, and have 9/41 hp.
You now have 0/9 mp.
It was a potion of might.
You feel very mighty all of a sudden. The gnoll barely misses you.
It was a potion of curing.
You feel better. The gnoll hits you with a +0 whip.
* * * LOW HITPOINT WARNING * * *
The adder bites you.
* * * LOW HITPOINT WARNING * * *
You take 1 damage, and have 8/41 hp.
It was a potion of attraction.
You feel attractive to monsters. The adder closely misses you.
The gnoll hits you with a +0 whip!
You die...

.................###
..........>..........
.........:........##.
..........<......>..
#...............#
#..............#
#............(# #
#####...S.###.....#
#. #......@###
#.....# #.# #####.g##
......#
..#..#########.##
.##..##
#.......รท.##...# .
#..#
#####..##..#.#### ...
##..##......#
##.####.##.....
#.####.# ##.#
#..##..# ##.#


You could see a gnoll and an adder.

Vanquished Creatures
  10 gnolls
  4 adders
  An ooze (D:1)
  A worm (D:2)
  A dart slug (D:1)
  2 leopard geckos (D:1)
  3 ball pythons
  9 giant cockroaches
  3 goblins (D:1)
  3 hobgoblins (D:1)
  2 jackals (D:2)
  5 kobolds
  6 bats
  2 frilled lizards
  2 rats
54 creatures vanquished.

Notes
Turn   | Place    | Note
-------+----------+-------------------------------------------
     0 | D:1      | gimp the Demonspawn Hedge Wizard began the quest for the
                  | Orb.
     0 | D:1      | Reached XP level 1. HP: 13/13 MP: 4/4
     0 | D:1      | Upgraded the game from 0.27-a0-200-g8ba017916c to
                  | 0.27-a0-203-gd48b2df3c9
   297 | D:1      | Reached skill level 1 in Fighting
   394 | D:1      | Gained mutation: You have large cloven feet. [demonic
                  | ancestry]
   394 | D:1      | Reached XP level 2. HP: 21/21 MP: 3/6
  1428 | D:1      | Reached XP level 3. HP: 27/27 MP: 0/7
  1587 | D:1      | Learned a level 2 spell: Blink
  1591 | D:1      | Learned a level 3 spell: Mephitic Cloud
  1937 | D:1      | Reached skill level 2 in Conjurations
  2678 | D:2      | Gained mutation: You sometimes gain a little power by
                  | taking damage. [demonic ancestry]
  2678 | D:2      | Reached XP level 4. HP: 19/34 MP: 8/8
  2783 | D:2      | Reached skill level 3 in Conjurations
  3900 | D:2      | Found a broken altar of Ashenzari.
  3927 | D:2      | Gained mutation: You sometimes gain power by taking damage.
                  | [demonic ancestry]
  3927 | D:2      | Reached XP level 5. HP: 41/41 MP: 3/9
  4661 | D:3      | Reached skill level 4 in Conjurations
  4855 | D:3      | Slain by a gnoll

Illustrated notes

Levels and vault maps discovered:
D:1:      minmay_arrival_hallway, layout_loops_corners, minmay_liquid_box,
          corner_web_ring
D:2:      layout_basic, old_standard_altar, hangedman_decor_growths,
          st_stairs_10
D:3:      layout_rooms

Skill      XL: |  1  2  3  4  5 |
---------------+----------------+-----
Fighting       | 1 2 3 |  3.0
Conjurations   | 2 3 4 |  4.0
Dodging        | |  1.7
Stealth        | |  1.7
Spellcasting   | |  3.2
Summonings     | |  1.0
Translocations | |  0.8
Air Magic      | |  0.2
Poison Magic   | |  0.3

Action                   |  1- 3 |  4- 6 || total
-------------------------+-------+-------++-------
Melee: Dagger            |    15 |    17 ||    32
       Kick              |       |     2 ||     2
Throw: Dart              |    22 |    18 ||    40
 Cast: Magic Dart        |    98 |    89 ||   187
  Use: Scroll            |     2 |       ||     2
       Potion            |       |     3 ||     3
Armor: Robe              |     7 |     5 ||    12
Dodge: Dodged            |    34 |    50 ||    84

Table legend: (Time is in decaauts)
 A = Elapsed time spent in this place.
 B = Non-inter-level travel time spent in this place.
 C = Inter-level travel time spent in this place.
 D = Time resting spent in this place.
 E = Time spent auto-exploring this place.
 F = Levels seen in this place.
 G = Mean time per level.
                   A        B        C        D        E       F      G
               +--------+--------+--------+--------+--------+-----+--------+
         Total |   4856 |   4680 |    176 |    728 |   3126 |   3 | 1618.7 |
       Dungeon |   4856 |   4680 |    176 |    728 |   3126 |   3 | 1618.7 |
               +--------+--------+--------+--------+--------+-----+--------+

Top non-repeatable levels by time:
     D:1: 2688 daAuts
     D:2: 1855 daAuts
     D:3: 312 daAuts
